AoeStats
← Inquisidor

Black Forest

509529544Analyzed
3v3 RM · 6d ago on Sep 27, 2026· 59m 45s· 6 players
Game mode
Random Map
Map size
Normal (6 player)
Population
200
Speed
Normal
Resources
Standard
Victory
Conquest
Starting age
Dark Age
Ending age
Imperial Age
RankedLock teamsTeams togetherTeam positionsShared explorationLock speedFull tech treeHidden civsTurbo modeCheats
Victory
Defeat
🇲🇽 Spanish · Mexico
1043
+13
🇭🇰 Persians · Hong Kong SAR China
1020
+14
🇦🇷 Franks · Argentina
958
+16
🇺🇸 Mongols · United States
1012
-16
🇺🇸 Persians · United States
980
-15
🇺🇸 Celts · United States
914
-12
Inquisidor
0:28 Loom
14:38 Feudal Age
15:38 Double-Bit Axe
19:55 Castle Age
23:34 Gold Mining
24:56 Bow Saw
31:18 Imperial Age
28:56 Fletching
30:11 Bodkin Arrow
31:02 Padded Archer Armor
32:49 Wheelbarrow
37:24 Leather Archer Armor
37:25 Caravan
43:37 Ring Archer Armor
45:33 Horse Collar
47:11 Chemistry
53:15 Hand Cart
54:14 Hoardings
54:46 Elite Conquistador
ZC_39
0:30 Loom
11:04 Feudal Age
12:29 Double-Bit Axe
12:26 Horse Collar
17:22 Castle Age
18:01 Bow Saw
17:55 Heavy Plow
21:06 Wheelbarrow
25:59 Gold Mining
26:36 Stone Mining
28:55 Hand Cart
29:35 Gold Shaft Mining
32:26 Imperial Age
30:08 Caravan
31:20 Stone Shaft Mining
31:27 Husbandry
31:38 Bloodlines
30:50 Light Cavalry
31:43 Forging
31:39 Scale Barding Armor
31:35 Scale Mail Armor
31:35 Padded Archer Armor
31:26 Fletching
32:46 Ballistics
32:22 Murder Holes
32:38 Masonry
33:54 Two-Man Saw
33:27 Crop Rotation
34:02 Chemistry
33:26 Conscription
32:31 Cavalier
34:31 Citadels
34:23 Kamandaran
34:15 Town Watch
33:57 Pikeman
34:38 Squires
34:24 Gambesons
34:24 Arson
35:09 Guilds
36:11 Iron Casting
35:52 Chain Mail Armor
35:57 Chain Barding Armor
35:33 Bodkin Arrow
36:00 Leather Archer Armor
37:04 Plate Mail Armor
37:31 Architecture
36:23 Halberdier
36:35 Savar
38:37 Blast Furnace
38:20 Plate Barding Armor
38:31 Town Patrol
39:03 Ring Archer Armor
43:41 Heavy Scorpion
51:18 Elite War Elephant
53:47 Hussar
57:45 Block Printing
57:40 Fervor
AveMiller
10:02 Feudal Age
16:19 Loom
18:42 Castle Age
18:33 Double-Bit Axe
22:34 Gold Mining
23:23 Wheelbarrow
26:31 Gold Shaft Mining
26:14 Bow Saw
26:58 Scale Barding Armor
27:03 Forging
30:33 Imperial Age
29:14 Iron Casting
28:59 Chain Barding Armor
29:16 Chain Barding Armor
29:47 Hand Cart
31:00 Husbandry
31:22 Cavalier
32:39 Plate Barding Armor
33:05 Blast Furnace
32:08 Caravan
35:15 Conscription
34:20 Paladin
Diesel_Dab
6:39 Loom
13:34 Feudal Age
14:40 Gold Mining
14:44 Double-Bit Axe
17:10 Castle Age
15:49 Gold Mining
15:53 Stone Mining
22:32 Horse Collar
26:22 Wheelbarrow
27:06 Caravan
29:13 Hand Cart
29:37 Gold Shaft Mining
29:29 Scale Barding Armor
29:36 Forging
33:07 Imperial Age
31:23 Bloodlines
31:15 Husbandry
31:21 Heavy Plow
33:07 Cavalier
34:14 Chain Barding Armor
34:30 Iron Casting
36:07 Plate Barding Armor
35:45 Savar
37:38 Conscription
43:09 Blast Furnace
43:09 Coinage
45:50 Banking
45:08 Elite War Elephant
46:26 Hoardings
S-atansKrotch
0:31 Loom
14:49 Feudal Age
15:36 Double-Bit Axe
19:34 Castle Age
17:52 Horse Collar
20:33 Pikeman
22:03 Wheelbarrow
22:10 Forging
24:52 Bow Saw
26:22 Scale Mail Armor
26:13 Fletching
29:14 Hand Cart
30:57 Stone Mining
30:58 Gold Mining
33:53 Iron Casting
33:34 Chain Mail Armor
35:30 Ballistics
35:11 Man-at-Arms
35:37 Gambesons
39:05 Imperial Age
35:59 Long Swordsman
38:31 Heavy Plow
39:12 Stone Shaft Mining
39:15 Gold Shaft Mining
39:07 Stronghold
39:14 Halberdier
40:47 Conscription
41:12 Onager
44:13 Chemistry
42:45 Two-Handed Swordsman
44:41 Blast Furnace
44:12 Plate Mail Armor
45:53 Caravan
46:16 Siege Onager
48:04 Heavy Scorpion
49:52 Champion
CoCoBudda42
0:27 Loom
12:04 Feudal Age
17:40 Castle Age
17:18 Double-Bit Axe
26:54 Wheelbarrow
28:46 Fletching
29:17 Hand Cart
30:41 Bow Saw
30:15 Horse Collar
31:22 Nomads
34:49 Imperial Age
32:37 Masonry
34:27 Caravan
35:52 Gold Mining
36:23 Bodkin Arrow
37:34 Ballistics
38:14 Chemistry
36:43 Elite Mangudai
37:45 Conscription
39:03 Bracer
39:59 Padded Archer Armor
48:06 Fortified Wall
49:24 Siege Engineers
49:54 Capped Ram
51:02 Drill
54:43 Siege Ram
Connection lost

Rejoining the realm…

Still unreachable

The connection could not be restored.

Session expired

The server has moved on; the page needs a fresh start.